 Dungeon Crawl Stone Soup version 0.26.0-16-gc1dbca0489 (webtiles) character file.

Game seed: 10818059526110810707

217 vvl the Changer (level 5, -3/42 HPs)
             Began as a Draconian Transmuter on Jan 20, 2021.
             Slain by an orc
             ... wielding a +0 hand axe
              (7 damage)
             ... on level 3 of the Dungeon.
             The game lasted 00:06:16 (3474 turns).

vvl the Changer (Draconian Transmuter)              Turns: 3474, Time: 00:06:16

Health: -3/42      AC:  5    Str: 13    XL:     5   Next: 61%
Magic:  9/9        EV: 12    Int: 14    God:
Gold:   205        SH:  0    Dex: 11    Spells: 8/9 levels left

rFire    . . .     SeeInvis .     - Unarmed
rCold    . . .     Faith    .   (no shield)
rNeg     . . .     Spirit   .   (armour unavailable)
rPois    .         Reflect  .   (helmet restricted)
rElec    .         Harm     .   (no cloak)
rCorr    .         Rampage  .   (no gloves)
Will     .....                  (no boots)
Stlth    +.........             (no amulet)
HPRegen  0.14/turn              (no ring)
MPRegen  0.11/turn              (no ring)

@: no status effects
A: unfitting armour, cold-blooded, AC +5
a: no special abilities


You were on level 3 of the Dungeon.
You visited 1 branch of the dungeon, and saw 4 of its levels.

You collected 205 gold pieces.

Inventory:

Wands
 l - a wand of acid (9)
Scrolls
 a - a scroll of teleportation
 b - a scroll of amnesia
 c - a scroll of fear {unknown}
 f - a scroll of enchant armour
 i - 2 scrolls of enchant weapon
 o - a scroll of blinking
Potions
 d - a potion of lignification {unknown}
 g - a potion of cancellation {unknown}
 h - a potion of curing {unknown}
 j - a potion of brilliance {unknown}
 k - a potion of berserk rage {unknown}


   Skills:
 + Level 2.5 Fighting
 - Level 1.7 Dodging
 + Level 3.7 Unarmed Combat
 + Level 2.7 Spellcasting
 * Level 3.8 Transmutations
 + Level 2.0 Evocations


You had 8 spell levels left.
You knew the following spells:

 Your Spells              Type           Power        Failure   Level
a - Beastly Appendage     Tmut           24%          4%          1

Your spell library contained the following spells:

 Spells                   Type           Power        Failure   Level
 Wereblood                Tmut           12%          7%          2
 Spider Form              Tmut/Pois      3%           30%         3
 Ice Form                 Ice/Tmut       7%           69%         4
 Blade Hands              Tmut           6%           78%         5


Dungeon Overview and Level Annotations

Branches:
Dungeon (4/15)
 Temple: D:4-7

Altars:


Innate Abilities, Weirdness & Mutations

Your plain brown scales are hard. (AC +5)
You cannot fit into any form of body armour.
You are cold-blooded and may be slowed by cold attacks.


Message History

You hit the orc but do no damage. You claw the orc.
The orc is heavily wounded.
You hit the orc but do no damage. You claw the orc, but do no damage.
The orc is heavily wounded.
The orc hits you with a +0 hand axe.
* * * LOW HITPOINT WARNING * * *
You hit the orc. You claw the orc, but do no damage. You headbutt the orc.
You kill the orc!
Your transformation is almost over.
You hit the orc. You claw the orc. Your headbutt misses the orc.
The orc is severely wounded.
You hit the orc.
Your tail-slap misses the orc.
The orc is almost dead.
The orc hits you with a +0 hand axe.
* * * LOW HITPOINT WARNING * * *
You completely miss the orc. Your kick misses the orc.
The orc is almost dead.
Your horns disappear.
Your talons disappear.
The orc hits you with a +0 hand axe!
You die...

......##.....# #.......##.##
......##.....# ##.####.##.##
......##.....# #.## #.##.##
......################..#
#.##.## ......# #.....###.#
#.##.## ......# #.....#
#.###.##.## ####.##
#.....###..##.##.## #.#
#.............##.## #o#
#.@...####.#####.## #.#
#.o...####.#####.##
#.##########.#...............#
#......).o.#.#.#####....###.##
##########.#.#.# #....#....#
#...#.# #....#.#.## #####.#
####.).#..# #.# ##...... #.#
#.##.##


You could see an orc.

Vanquished Creatures
  A howler monkey (D:4)
  A hound (D:4)
  A worker ant (D:4)
  3 adders (D:3)
  3 gnolls (D:3)
  3 oozes
  A worm (D:2)
  A leopard gecko (D:3)
  2 orcs (D:3)
  3 giant cockroaches
  6 goblins
  6 hobgoblins
  7 jackals (D:2)
  3 quokkas
  A ball python (D:2)
  2 bats
  A frilled lizard (D:3)
  3 kobolds (D:3)
  2 rats
50 creatures vanquished.

Notes
Turn   | Place    | Note
-------+----------+-------------------------------------------
     0 | D:1      | vvl the Draconian Transmuter began the quest for the Orb.
     0 | D:1      | Reached XP level 1. HP: 16/16 MP: 3/3
   396 | D:1      | Reached XP level 2. HP: 19/23 MP: 5/5
  1283 | D:2      | Reached XP level 3. HP: 29/29 MP: 4/6
  1371 | D:2      | Reached skill level 1 in Evocations
  2062 | D:3      | Reached XP level 4. HP: 34/36 MP: 5/7
  3416 | D:4      | Reached XP level 5. HP: 40/41 MP: 6/8
  3474 | D:3      | Slain by an orc

Illustrated notes

Levels and vault maps discovered:
D:1:      saegor_arrival_simple_b, layout_loops_ring, skrybe_limestone_x
D:2:      layout_loops_ring
D:3:      cheibrodos_old_hovel, layout_basic, minmay_misc_feat_rugged
D:4:      gammafunk_wand_slinger, layout_loops_cross, lemuel_doored_altar

Skill      XL: |  1  2  3  4  5 |
---------------+----------------+-----
Evocations     | 1 2 |  2.0
Fighting       | 2 |  2.5
Transmutations | 3 |  3.8
Dodging        | |  1.7
Unarmed Combat | |  3.7
Spellcasting   | |  2.7

Action                   |  1- 3 |  4- 6 || total
-------------------------+-------+-------++-------
Melee: Unarmed           |   115 |    68 ||   183
       Tailslap          |     9 |     6 ||    15
       Headbutt          |    10 |     7 ||    17
       Kick              |    10 |    16 ||    26
       Punch             |     1 |       ||     1
 Cast: Beastly Appendage |    12 |     8 ||    20
  Use: Scroll            |       |     7 ||     7
Armor: Skin              |    38 |    13 ||    51
Dodge: Dodged            |    97 |    33 ||   130
